woodfighter, neutral female human Healer ---------------- -------- ...............--------- ------.e........).........` .........------- -----.............?..............................------ ----......H...............................................---- ---%.....l.......................l.............................--- ---.....B............................................?.............--- ---.<[..f@d..r.........................................................--- |.......uB&.....l........................................................| |......%..............>...........*......................................| |...........................................................(............| ---..............?..*.......................................*..........--- ---................................................%...............--- ---.......)...[....k...........................................--- ----...............%.................................u....---- -----......................................?.....------ ------.............................../------- -------- ...............--------- ---------------- woodfighter the Embalmer Experience level: 9 Strength: 25 Dexterity: 12 Constitution: 18 Intelligence: 10 Wisdom: 17 Charisma: 16 Health: 0(73) Energy: 50(70) Def: 8 Gold: 510 Moves: 12150 Dungeon seed: rWDtuV92X6cOtClu Game ID: woodfighter_1505339446 Your Inventory: Coins $ - 510 gold pieces Amulets D - an uncursed amulet of reflection (being worn) Weapons a - a blessed +1 dwarvish spear (weapon in hand) K - 29 +0 darts (in quiver) Armor e - an uncursed +1 pair of leather gloves n - an uncursed +0 elven leather helm (being worn) q - an uncursed +0 pair of gauntlets of power (being worn) r - a blessed +0 leather armor I - a blessed +2 dwarvish cloak (being worn) Comestibles j - an uncursed magic bean k - 7 blessed eucalyptus leaves l - 2 blessed sprigs of wolfsbane m - 2 blessed cloves of garlic o - 2 uncursed apples u - 4 uncursed food rations v - an uncursed pear z - 6 uncursed tripe rations H - an uncursed fortune cookie O - an uncursed partly eaten cram ration Rings A - an uncursed ring of fire resistance (on left hand) Q - an uncursed ring of searching (on right hand) Wands g - a wand of sleep (0:8) F - a wand of polymorph (0:7) J - a wand of striking (0:5) U - a wand of lightning (0:4) Tools b - an uncursed stethoscope s - an uncursed bag of holding w - an uncursed magic whistle y - an uncursed skeleton key E - an uncursed bag of holding L - an uncursed brass lantern (0:1187) R - an uncursed blindfold S - a cursed oil lamp (0:366) T - a +0 unicorn horn Contents of the bag of holding: 3158 gold pieces an uncursed scroll of confuse monster an uncursed scroll of create monster a [cursed] scroll of create monster an uncursed scroll of gold detection an uncursed scroll of identify a cursed scroll of identify a [uncursed] scroll of light an uncursed scroll of remove curse an uncursed spellbook of cause fear an uncursed spellbook of detect monsters an uncursed potion of extra healing an uncursed potion of hallucination 2 uncursed potions of levitation an uncursed potion of object detection an uncursed potion of water a cursed ring of cold resistance an uncursed [+3] ring of gain constitution an uncursed ring of poison resistance a cursed ring of polymorph an uncursed [+0] pick-axe Spells and supernatural/magical abilities: Name Level Category Fail Memory h - healing 1 healing 36% 40% l - light 1 divination 54% 79% n - detect monsters 1 divination 54% 79% x - extra healing 3 healing 46% 40% S - stone to flesh 3 healing 62% 40% W - pray for help -- divine ? -- Your skills at the end: Miscellaneous Skills wands [Basic] Weapon Skills knife [Basic] spear [Basic] Spellcasting Skills healing spells [Basic] Final Attributes: You were devoutly aligned. You were fire resistant. You were poison resistant. You were blinded. Your writing hand was a little cramped from use. You were telepathic. You had automatic searching. You were stealthy. You were protected. You were fast. You had reflection. You are dead. Vanquished creatures: a ghost 2 giant mimics a large mimic a water elemental 2 small mimics a pyrolisk 2 flaming spheres a large cat a dwarf king 2 ochre jellies 2 crocodiles a human mummy a Grey-elf a lynx a gremlin 18 leprechauns 3 quivering blobs a lizard a giant spider a scorpion 2 gnome kings a dwarf mummy an ogre a brown pudding an owlbear a gold golem a werewolf 2 piranhas a dingo 2 dwarf lords a blue jelly a white unicorn a black unicorn 2 Woodland-elves a snake 2 apes 3 human zombies a rope golem a quasit 4 Uruk-hai an orc shaman 2 rock moles a rock piercer 2 ponies 4 fog clouds 3 shriekers a violet fungus 18 gnome lords 2 gnomish wizards a kobold mummy 2 black naga hatchlings 2 elf zombies a ghoul 2 straw golems 2 paper golems 4 giant ants a puppy 2 floating eyes 4 kittens 16 dwarves a kobold lord 3 kobold shamans 4 iguanas 5 hill orcs 4 rothes 3 rabid rats 2 centipedes 5 jitterbugs 4 giant bats 3 monkeys 8 orc zombies 4 dwarf zombies a werejackal 7 killer bees 4 coyotes 6 gas spores 4 hobbits 3 acid blobs 7 geckos a hobgoblin 2 giant rats 9 cave spiders 3 brown molds 3 yellow molds 2 green molds 2 red molds 54 gnomes 8 manes a gnome zombie 19 jackals 2 foxes 5 kobolds 15 newts 6 goblins 6 sewer rats 12 grid bugs 8 lichens 3 kobold zombies 384 creatures vanquished. Voluntary challenges: You did not cause conflict. You were not invisible. You were not displaced. You had been an atheist until turn 2992. You used a wielded weapon 391 times, starting on turn 243. You did not apply a unicorn horn. You did not use plumbed fixtures. You did not drink any magical draughts. You read items or engraved 6 times, starting on turn 2991. You never genocided any monsters. You never polymorphed an object. You never changed form. You completed Sokoban on turn 5660, according to the rules. You used no wishes. You never split a pudding. You wrote Elbereth's name 1 time, starting on turn 9624. You never violated your personal moral code. Dungeon overview: The Dungeons of Doom: levels 1 to 13 Level 1 (vault) a long staircase Level 2 a general store, a fountain stairs to The Gnomish Mines Level 3 a weapon shop, some fountains Level 4 some fountains Level 5 many fountains Level 6 a general store, a fountain stairs to Sokoban Level 7 a fountain Level 8 some fountains Level 9 Level 10 Level 11 a temple to Athena Level 12 portal to The Quest Level 13 (big room) <- You were here The Gnomish Mines: levels 3 to 10 Level 3 stairs to The Dungeons of Doom Level 4 Level 5 some shops, a temple to Athena, a magic chest, some fountains Level 6 Level 7 Level 8 Level 9 Level 10 (DRAGONS!!!) The Quest: Level 1 portal to The Dungeons of Doom Sokoban: levels 2 to 5 Level 2 a magic chest Level 3 Level 4 Level 5 an altar to Hermes, a magic chest stairs to The Dungeons of Doom History has recorded: On T:1 you entered the Dungeons of Doom to retrieve the Amulet of Yendor! On T:31 you reached level 2 of The Dungeons of Doom. On T:567 you reached level 3 of The Dungeons of Doom. On T:671 you advanced to experience level 2. On T:982 you reached level 1 of The Gnomish Mines. On T:1202 you reached level 4 of The Dungeons of Doom. On T:1466 you advanced to experience level 3. On T:1750 you reached level 5 of The Dungeons of Doom. On T:1832 you advanced to experience level 4. On T:1909 you reached level 6 of The Dungeons of Doom. On T:2277 you reached level 7 of The Dungeons of Doom. On T:2335 you reached level 4 of Sokoban. On T:2454 you advanced to experience level 5. On T:2986 you opened a magic chest. On T:3032 you reached level 3 of Sokoban. On T:3520 you advanced to experience level 6. On T:3794 you reached level 2 of Sokoban. On T:4777 you reached level 1 of Sokoban. On T:4860 you advanced to experience level 7. On T:5660 you advanced to experience level 8. On T:5660 you entered the Sokoban zoo. On T:6858 you reached level 2 of The Gnomish Mines. On T:7165 you reached level 3 of The Gnomish Mines. On T:7553 you reached level 4 of The Gnomish Mines. On T:7668 you entered the Minetown temple On T:8113 you reached level 5 of The Gnomish Mines. On T:8494 you reached level 6 of The Gnomish Mines. On T:8719 you reached level 7 of The Gnomish Mines. On T:9243 you advanced to experience level 9. On T:9267 you reached level 8 of The Gnomish Mines. On T:10121 you reached level 8 of The Dungeons of Doom. On T:10357 you reached level 9 of The Dungeons of Doom. On T:10666 you reached level 10 of The Dungeons of Doom. On T:11041 you reached level 11 of The Dungeons of Doom. On T:11485 you reached level 12 of The Dungeons of Doom. On T:11925 you reached level 1 of The Quest. On T:11989 you reached level 13 of The Dungeons of Doom. Score breakdown: Gold: 2123 ( 212 points) Experience: 9 levels ( 800 points) Exploration: 13 levels ( 360 points) Discoveries: 47 items ( 2000 points) Variety of kills: 98 monsters ( 2000 points) Major goal: finished Sokoban ( 1000 points) Survival: died (score multiplied by 3) Total score: 19116 Latest messages: The raven misses. You feel better. The raven pecks! The succubus punches you! (2x) The large cat just misses! You fail to cast the spell correctly. You feel weak. You feel better. The succubus punches you! (2x) The large cat bites! (2x) This cram ration is bland. You stop eating. The raven pecks! The succubus punches you! (2x) The large cat bites! The raven pecks! You fail to cast the spell correctly. The raven pecks! The raven misses. The succubus punches you! (2x) The raven pecks! You die... The bag of holding is empty. The bag of holding is empty. Final status: Goodbye woodfighter the Healer, killed by a raven... You died in The Dungeons of Doom on dungeon level 13 with 19116 points, and 3668 pieces of gold, after 12150 moves. You were level 9 with a maximum of 73 hit points when you died.